 Dungeon Sprint DCSS version 0.20-a0-640-g62ed22f (webtiles) character file.

70150 esc the Ninja (level 13, 0/74 HPs)
             Began as a Spriggan Enchanter on Feb 12, 2017.
             Was the Champion of Dithmenos.
             Splashed by an acid blob's acid (17 damage)
             ... created by the Royal Jelly
             ... in the Dungeon (Sprint III: "The Ten Rune Challenge").
             The game lasted 00:43:06 (5188 turns).

esc the Ninja (Spriggan Enchanter)                  Turns: 5188, Time: 00:43:06

Health: 0/74       AC: -5    Str:  4    XL:     13   Next: 83%
Magic:  16/34      EV: 38    Int: 20    God:    Dithmenos [******]
Gold:   4576       SH:  0    Dex: 27    Spells: 22/44 levels left

rFire    . . .     SeeInvis +   a - +1 dagger
rCold    + . .     Gourm    .   z - +0 robe {rC+}
rNeg     . . .     Faith    .   (shield restricted)
rPois    +         Spirit   .   B - +0 hat {Int+3}
rElec    .         Reflect  .   l - +0 cloak
rCorr    .         Harm     .   (gloves unavailable)
MR       +++..     NoTele   +   (boots unavailable)
Stlth    ++++++++++             (no amulet)
Regen    0.3/turn               (no ring)
MPRegen  0.3/turn               b - ring "Ycou" {rPois MR+ Dex+6 Slay+2}

@: corroded, wreathed by umbra, very quick
A: unfitting armour, see invisible, herbivore 3, speed 3, slow metabolism 2
}: 2/10 runes: serpentine, barnacled
a: Shadow Step, Shadow Form, Renounce Religion


You were in the Dungeon.
You worshipped Dithmenos.
Dithmenos was exalted by your worship.
You were not hungry.

You visited 1 branch You collected 6122 gold pieces.
You spent 1546 gold pieces at shops.

Inventory:

Hand Weapons
 a - a +1 dagger (weapon)
 x - a +0 blowgun
   (You took it off Frances in the Dungeon)
Missiles
 w - 7 curare-tipped needles
 A - 10 needles of frenzy
Armour
 l - a +0 cloak (worn)
   (You took it off Crazy Yiuf in the Dungeon)
 z - a +0 robe of cold resistance (worn)
   (You bought it in a shop in the Dungeon)
 B - a +0 hat of intelligence (worn)
   (You took it off Gastronok in the Dungeon)
Jewellery
 b - the ring "Ycou" (left hand) {rPois MR+ Dex+6 Slay+2}
   (You bought it in a shop in the Dungeon)

   [ring of protection from magic]

   It affects your dexterity (+6).
   It affects your accuracy and damage with ranged weapons and melee attacks
   (+2).
   It protects you from poison.
   It affects your resistance to hostile enchantments.
Wands
 t - a wand of iceblast (11/15)
   (You found it in the Dungeon)
Scrolls
 m - a scroll of torment {unknown}
 n - 2 scrolls of identify {unknown}
 o - 2 scrolls of remove curse {unknown}
 r - a scroll of immolation {unknown}
Potions
 e - a potion of curing
 f - a potion of heal wounds
 g - a potion of haste
 h - 2 potions of magic
 i - 3 potions of berserk rage {!q}
 q - 4 potions of flight
 s - 6 potions of mutation {!q}
 C - a potion of degeneration {unknown}
 D - a potion of might
Books
 c - a book of Maledictions
 u - a book of Minor Magic
   (You found it in the Dungeon)
 y - a book of Summonings
   (You bought it in a shop in the Dungeon)
Miscellaneous
 v - a sack of spiders
Comestibles
 d - a bread ration {@e1}
 k - 6 fruits
 p - 30 royal jellies


   Skills:
 + Level 11.7 Fighting
 - Level 9.0 Short Blades
 + Level 8.2 Throwing
 + Level 18.5 Dodging
 O Level 27 Stealth
 + Level 16.4 Spellcasting
 - Level 7.6 Conjurations
 + Level 16.6 Hexes
 + Level 8.6 Summonings
 - Level 3.0 Translocations


You had 22 spell levels left.
You knew the following spells:

 Your Spells              Type           Power        Failure   Level  Hunger
a - Ensorcelled Hibernat  Hex/Ice        #####.       1%          2    None
b - Tukima's Dance        Hex            ######..     0%          3    None
c - Confuse               Hex            ######..     0%          3    None
d - Dazzling Spray        Conj/Hex       ######       1%          3    None
e - Blink                 Tloc           N/A          1%          2    None
f - Summon Mana Viper     Hex/Summ       ######..     1%          5    ###....
v - Corona                Hex            ######.      0%          1    None
x - Mephitic Cloud        Conj/Pois/Air  ####....     4%          3    None


Dungeon Overview and Level Annotations

Branches:
Dungeon (1/1)

Altars:
Cheibriados
Dithmenos
Elyvilon
Fedhas
Gozag
Hepliaklqana
Kikubaaqudgha
Makhleb
Nemelex Xobeh
Okawaru
Qazlal
Ru
Sif Muna
Trog
Uskayaw
Vehumet
Xom
Yredelemnul
Zin
The Shining One
Beogh
Jiyva
Lugonu

Shops:
D !(:[=%:

Annotations:
D exclusion: azure jelly, Royal Jelly


Innate Abilities, Weirdness & Mutations

You are very small and have problems with some larger weapons.
You are too small for most types of armour.
You have supernaturally acute eyesight. (SInv)
You are a herbivore.
You cover ground extremely quickly.
You need consume almost no food.


Message History

Aim: an orc priest (umbra)
The spray of energy hits the orc priest.
The orc priest is dazzled.
The spray of energy hits the orc priest.
The orc priest is dazzled.
Your shadow mimicks your spell!
The shadow shard hits the orc priest.
You kill the orc priest!
Dithmenos accepts your kill. The orc priest completely misses you.
You now have 28/34 mp.
Aim: an orc priest, wielding a hand axe and wearing a ring mail (moderately wounded, blind, umbra)
The spray of energy hits the orc priest.
You kill the orc priest!
Dithmenos accepts your kill.
You now have 25/34 mp.
You hear a distant slurping noise.
There is an open door here.
You hear a distant slurping noise.
You enter the shallow water.
Moving in this stuff is going to be slow.
You enter the shallow water.
Moving in this stuff is going to be slow.
There is an open door here.
You enter the shallow water.
Moving in this stuff is going to be slow.
You can't see any susceptible monsters within range! (Use Z to cast anyway.)
Aim: a death ooze (hasn't noticed you, umbra)
The spray of energy hits the death ooze.
Your shadow mimicks your spell!
The shadow shard hits the death ooze.
You now have 27/34 mp.
Aim: a death ooze (heavily damaged, umbra)
The spray of energy hits the death ooze.
You now have 25/34 mp.
Aim: a death ooze (severely damaged, umbra)
The spray of energy hits the death ooze.
Your shadow mimicks your spell!
The shadow shard hits the death ooze.
You destroy the death ooze!
That felt strangely unrewarding.
You now have 22/34 mp.
You start resting.
You regained 3 mp, and now have 25/34 mp.
You can't see any susceptible monsters within range! (Use Z to cast anyway.) Unknown command.
An acid blob is nearby!
Aim: an acid blob (hasn't noticed you, umbra)
The spray of energy hits the acid blob.
The acid blob quivers.
The acid blob spits acid at you. The splash of acid hits you!
You are splashed with acid!
The acid burns!
You take 29 damage, and have 45/74 hp.
MASSIVE DAMAGE!!
You now have 23/34 mp.
Aim: an acid blob (lightly wounded, umbra)
The spray of energy hits the acid blob.
You now have 20/34 mp.
Aim: an acid blob (lightly wounded, umbra)
The spray of energy hits the acid blob.
Your shadow mimicks your spell!
The shadow shard hits the acid blob.
You now have 18/34 mp.
Okay, then.
Unknown command.
The acid blob spits acid at you. The splash of acid hits you!
You emit a cloud of dark smoke.
You are splashed with acid!
The acid burns!
* * * LOW HITPOINT WARNING * * *
You take 31 damage, and have 14/74 hp.
MASSIVE DAMAGE!!
You feel much better.
You regained 24 hp, and now have 39/74 hp.
The acid blob spits acid at you. The splash of acid hits you!
You are splashed with acid!
The acid burns!
* * * LOW HITPOINT WARNING * * *
You emit a cloud of dark smoke.
You take 20 damage, and have 19/74 hp.
MASSIVE DAMAGE!!
Aim: an acid blob (black smoke, moderately wounded, umbra)
The spray of energy hits the acid blob.
Your shadow mimicks your spell!
The shadow shard hits the acid blob.
The acid blob spits acid at you. The splash of acid hits you!
* * * LOW HITPOINT WARNING * * *
The acid corrodes you!
You are splashed with acid!
The acid burns!
* * * LOW HITPOINT WARNING * * *
You take 17 damage, and have 2/74 hp.
MASSIVE DAMAGE!!
You now have 16/34 mp.
The floor.
This square is wreathed by an umbra.
There is a cloud of black smoke here.
You feel much better. The acid blob spits acid at you.
The splash of acid hits you!
* * * LOW HITPOINT WARNING * * *
The acid corrodes you!
You are splashed with acid!
The acid burns!
You die...

..#.≈≈≈≈≈≈....#.⌠.#__#.))#)######
..#.≈≈≈≈≈.....#...#__#...#).≈≈≈§.
..#.≈≈≈[......#'###__#..§#.#)≈≈#.
###...........#.))#__#...)[#.§§#.
..............#___#__'...#.#§.§#.
▓▓▓▓▓▓▓▓▓▓▓▓▓▓▓▓▓▓▓▓▓▓▓▓▓▓▓▓▓▓▓▓▓
.'≈.§.≈G≈..♣♣.§§§§♣♣♣♣≈≈≈........
P#≈≈≈§§§§≈≈♣♣.§§§§J♣♣'♣≈≈≈≈≈≈≈≈≈≈
P#≈≈≈§§§§≈≈≈'.§§@§#§≈♣♣♣♣♣♣♣♣♣♣♣♣
P#≈≈≈§§≈J≈.♣♣♣♣♣♣♣#.J♣♣
(#≈≈≈≈≈§§≈≈♣ ###'♣♣♣♣♣♣♣♣♣♣♣
'####'#######♣ ♣♣♣♣.##.†##≈≈≈≈≈
JJ.......)...♣♣ ♣...##.##.#≈≈≈≈≈
#############'♣ ♣♣.##.##.##+≈≈≈≈
.#≈P..........♣ ♣..#.##...#≈≈..
.'≈≈...########♣♣ ♣♣.##.##.)#≈..'
.#≈≈≈.........PP♣ ♣♣.##.#####...#


You could see an acid blob.

Vanquished Creatures
  Rupert (D)
  An acid blob (D)
  Frances (D)
  A kraken (D)
  Gastronok (D)
  A nagaraja (D)
  4 azure jellies (D)
  Donald (D)
  2 dire elephants (D)
  Snorg (D)
  2 death oozes (D)
  A deep elf high priest (D)
  A naga warrior (D)
  2 hydras (D)
  An alligator snapping turtle (D)
  A centaur warrior (D)
  3 anacondas (D)
  3 death yaks (D)
  Urug (D)
  A deep elf knight (D)
  2 unseen horrors (D)
  A death drake (D)
  A spriggan druid (D)
  A lindwurm (D)
  5 deep elf magi (D)
  A guardian serpent (D)
  3 black mambas (D)
  2 spiny frogs (D)
  2 elephants (D)
  A rime drake (D)
  A komodo dragon (D)
  3 wandering mushrooms (D)
  A queen bee (D)
  2 tyrant leeches (D)
  8 blink frogs (D)
  5 snapping turtles (D)
  2 spriggans (D)
  A shadow (D)
  3 redbacks (D)
  A spatial vortex (D)
  2 nagas (D)
  A floating eye (D)
  A water moccasin (D)
  3 orc warriors (D)
  A swamp drake (D)
  A necrophage (D)
  2 centaurs (D)
  An earth elemental (D)
  A water elemental (D)
  32 killer bees (D)
  5 orc priests (D)
  A jelly (D)
  4 orc wizards (D)
  Crazy Yiuf (D)
  A wizard (D)
  A necromancer (D)
  3 humans (D)
  A kobold demonologist (D)
  4 adders (D)
  An ooze (D)
  8 orcs (D)
  3 rats (D)
  2 fungi (D)
  2 plants (D)
158 creatures vanquished.

Vanquished Creatures (collateral kills)
  A death yak (D)
1 creature vanquished.

Vanquished Creatures (others)
  An acid blob (D)
  2 draconian scorchers (D)
  6 hellions (D)
  2 yaktaurs (D)
  An orc high priest (D)
  An electric eel (D)
  2 fungi (D)
  20 plants (D)
  12 tentacles (D)
47 creatures vanquished.

Grand Total: 206 creatures vanquished

Notes
Turn   | Place    | Note
-------+----------+-------------------------------------------
     0 | D        | esc the Spriggan Enchanter began the quest for the Orb.
     0 | D        | Reached XP level 1. HP: 9/9 MP: 5/5
     4 | D        | Reached skill level 5 in Stealth
     4 | D        | Reached skill level 3 in Spellcasting
     4 | D        | Reached skill level 4 in Hexes
    53 | D        | Noticed Crazy Yiuf
    60 | D        | Killed Crazy Yiuf
    60 | D        | Reached skill level 7 in Stealth
    60 | D        | Reached skill level 5 in Spellcasting
    60 | D        | Reached skill level 5 in Hexes
    60 | D        | Reached XP level 2. HP: 13/13 MP: 7/9
    60 | D        | Reached XP level 3. HP: 16/16 MP: 7/10
    94 | D        | Learned a level 2 spell: Ensorcelled Hibernation
    98 | D        | Learned a level 3 spell: Confuse
   102 | D        | Learned a level 3 spell: Tukima's Dance
   106 | D        | Learned a level 3 spell: Dazzling Spray
   171 | D        | Killed a hellion
   171 | D        | Killed a hellion
   172 | D        | Killed a hellion
   193 | D        | Killed a white draconian scorcher
   193 | D        | Killed a hellion
   220 | D        | Killed a hellion
   306 | D        | Noticed a water elemental
   306 | D        | Killed a hellion
   309 | D        | Killed a water elemental
   309 | D        | Reached skill level 1 in Fighting
   309 | D        | Reached skill level 2 in Short Blades
   309 | D        | Reached skill level 4 in Dodging
   309 | D        | Reached skill level 8 in Stealth
   309 | D        | Reached skill level 6 in Hexes
   309 | D        | Reached XP level 4. HP: 23/23 MP: 10/12
   328 | D        | Found a glowing silver altar of Zin.
   328 | D        | Killed a yaktaur
   329 | D        | Found a glowing golden altar of the Shining One.
   329 | D        | Found a white marble altar of Elyvilon.
   329 | D        | Noticed a deep elf mage
   331 | D        | Killed a deep elf mage
   331 | D        | Reached skill level 4 in Fighting
   331 | D        | Reached skill level 6 in Short Blades
   331 | D        | Reached skill level 8 in Dodging
   331 | D        | Reached skill level 11 in Stealth
   331 | D        | Reached skill level 8 in Spellcasting
   331 | D        | Reached skill level 8 in Hexes
   331 | D        | Reached XP level 5. HP: 30/30 MP: 12/16
   331 | D        | Reached XP level 6. HP: 34/34 MP: 13/18
   357 | D        | Killed a white draconian scorcher
   369 | D        | Found a hide-covered altar of Uskayaw.
   369 | D        | Found a roughly hewn altar of Beogh.
   369 | D        | Found an iron altar of Okawaru.
   369 | D        | Found a bloodstained altar of Trog.
   369 | D        | Noticed a human
   369 | D        | Noticed a human
   374 | D        | Killed a human
   374 | D        | Reached skill level 9 in Dodging
   374 | D        | Reached skill level 9 in Hexes
   374 | D        | Reached XP level 7. HP: 38/38 MP: 15/20
   381 | D        | Killed a human
   381 | D        | Reached skill level 5 in Fighting
   381 | D        | Reached skill level 7 in Short Blades
   381 | D        | Reached skill level 9 in Spellcasting
   427 | D        | Found a basalt altar of Yredelemnul.
   427 | D        | Found a shadowy altar of Dithmenos.
   427 | D        | Found a sacrificial altar of Ru.
   444 | D        | Reached skill level 12 in Stealth
   465 | D        | Became a worshipper of Dithmenos the Shadowed
   502 | D        | Found a radiant altar of Vehumet.
   502 | D        | Found a deep blue altar of Sif Muna.
   502 | D        | Found an ancient bone altar of Kikubaaqudgha.
   516 | D        | Learned a level 2 spell: Blink
   525 | D        | Noticed a shadow
   527 | D        | Killed a shadow
   527 | D        | Reached * piety under Dithmenos
   527 | D        | Reached skill level 10 in Dodging
   527 | D        | Reached skill level 10 in Hexes
   527 | D        | Reached skill level 1 in Translocations
   527 | D        | Reached XP level 8. HP: 44/44 MP: 20/22
   531 | D        | Reached skill level 2 in Translocations
   575 | D        | Reached ** piety under Dithmenos
   591 | D        | Reached skill level 3 in Translocations
   640 | D        | Killed a yaktaur
   712 | D        | Reached *** piety under Dithmenos
   738 | D        | Noticed Snorg
   827 | D        | Killed Snorg
   827 | D        | Reached skill level 6 in Fighting
   827 | D        | Reached skill level 8 in Short Blades
   827 | D        | Reached skill level 11 in Dodging
   827 | D        | Reached skill level 13 in Stealth
   827 | D        | Reached skill level 10 in Spellcasting
   827 | D        | Reached XP level 9. HP: 49/49 MP: 2/24
   921 | D        | Reached skill level 11 in Hexes
   923 | D        | Reached **** piety under Dithmenos
   990 | D        | Reached ***** piety under Dithmenos
  1021 | D        | Found a blossoming altar of Fedhas.
  1115 | D        | Reached skill level 9 in Short Blades
  1157 | D        | Found a stormy altar of Qazlal.
  1158 | D        | Found a snail-covered altar of Cheibriados.
  1158 | D        | Found a burning altar of Makhleb.
  1158 | D        | Found a hazy altar of Hepliaklqana.
  1158 | D        | Found a shimmering altar of Xom.
  1158 | D        | Found an opulent altar of Gozag.
  1158 | D        | Found a sparkling altar of Nemelex Xobeh.
  1158 | D        | Found a corrupted altar of Lugonu.
  1158 | D        | Found a viscous altar of Jiyva.
  1194 | D        | Found Uhiulast's Book Shoppe.
  1258 | D        | Noticed a deep elf mage
  1258 | D        | Noticed a deep elf mage
  1258 | D        | Noticed a deep elf mage
  1258 | D        | Noticed a deep elf knight
  1258 | D        | Noticed a deep elf mage
  1273 | D        | Reached skill level 2 in Conjurations
  1301 | D        | Killed a deep elf mage
  1301 | D        | Reached skill level 5 in Conjurations
  1377 | D        | Killed a deep elf mage
  1377 | D        | Reached skill level 6 in Conjurations
  1431 | D        | Killed a deep elf mage
  1431 | D        | Reached ****** piety under Dithmenos
  1431 | D        | Reached skill level 7 in Conjurations
  1440 | D        | Killed a deep elf knight
  1440 | D        | Reached skill level 15 in Stealth
  1440 | D        | Reached XP level 10. HP: 20/53 MP: 6/25
  1489 | D        | Killed a deep elf mage
  1489 | D        | Reached skill level 17 in Stealth
  1655 | D        | Noticed a deep elf mage
  1665 | D        | Noticed a deep elf high priest
  1667 | D        | Noticed a deep elf annihilator
  1669 | D        | Noticed a deep elf annihilator
  1670 | D        | Noticed a deep elf death mage
  1670 | D        | Killed a deep elf high priest
  1670 | D        | Reached skill level 18 in Stealth
  1674 | D        | Noticed a deep elf blademaster
  1894 | D        | Reached skill level 19 in Stealth
  1899 | D        | Noticed a centaur warrior
  1902 | D        | Killed a centaur warrior
  1902 | D        | Reached skill level 20 in Stealth
  1916 | D        | Noticed an unseen horror
  1916 | D        | Noticed an unseen horror
  1917 | D        | Killed an unseen horror
  1917 | D        | Reached skill level 21 in Stealth
  1919 | D        | Killed an unseen horror
  1919 | D        | Reached skill level 22 in Stealth
  1965 | D        | Reached XP level 11. HP: 40/58 MP: 5/26
  1968 | D        | Reached skill level 23 in Stealth
  2406 | D        | Reached skill level 24 in Stealth
  2563 | D        | Noticed Donald
  2563 | D        | Noticed Frances
  2567 | D        | Killed Frances
  2567 | D        | Reached skill level 25 in Stealth
  2568 | D        | Killed Donald
  2568 | D        | Reached skill level 26 in Stealth
  2611 | D        | Bought a book of Summonings for 840 gold pieces
  2615 | D        | Learned a level 3 spell: Mephitic Cloud
  2621 | D        | Learned a level 5 spell: Summon Mana Viper
  2663 | D        | Reached skill level 11 in Spellcasting
  2667 | D        | Reached skill level 1 in Summonings
  2723 | D        | Reached skill level 7 in Fighting
  2726 | D        | Reached skill level 12 in Dodging
  2726 | D        | Reached skill level 27 in Stealth
  2728 | D        | Reached skill level 2 in Summonings
  2748 | D        | Reached skill level 12 in Hexes
  2752 | D        | Reached skill level 3 in Summonings
  2826 | D        | Noticed a lindwurm
  2829 | D        | Killed a lindwurm
  2829 | D        | Reached skill level 13 in Dodging
  2829 | D        | Reached skill level 12 in Spellcasting
  2829 | D        | Reached XP level 12. HP: 64/64 MP: 23/29
  2836 | D        | Reached skill level 8 in Fighting
  2837 | D        | Noticed Urug
  2839 | D        | Killed Urug
  2839 | D        | Reached skill level 4 in Summonings
  2863 | D        | Noticed a five-headed hydra
  2863 | D        | Noticed an eight-headed hydra
  2892 | D        | Killed a five-headed hydra
  2901 | D        | Killed an eight-headed hydra
  2917 | D        | Reached skill level 14 in Dodging
  2917 | D        | Reached skill level 13 in Hexes
  2964 | D        | Noticed an anaconda
  2966 | D        | Reached skill level 5 in Summonings
  2969 | D        | Killed an anaconda
  2979 | D        | Noticed an anaconda
  2988 | D        | Killed an anaconda
  2988 | D        | Reached skill level 13 in Spellcasting
  2990 | D        | Reached skill level 9 in Fighting
  3026 | D        | Noticed an anaconda
  3029 | D        | Killed an anaconda
  3037 | D        | Noticed a naga warrior
  3037 | D        | Noticed a nagaraja
  3038 | D        | Found Ygrunt's Antique Armour Shop.
  3038 | D        | Found Doeviu's Jewellery Shoppe.
  3040 | D        | Found Dexotiq's Food Boutique.
  3041 | D        | Killed a nagaraja
  3041 | D        | Reached skill level 15 in Dodging
  3041 | D        | Reached skill level 6 in Summonings
  3042 | D        | Killed a naga warrior
  3043 | D        | Reached skill level 14 in Hexes
  3048 | D        | Bought a runed robe for 77 gold pieces
  3062 | D        | Bought the ring "Ycou" {rPois MR+ Dex+6 Slay+2} for 629 gold pieces
  3069 | D        | Got a serpentine rune of Zot
  3127 | D        | Found a blossoming altar of Fedhas.
  3130 | D        | Reached skill level 14 in Spellcasting
  3199 | D        | Noticed Rupert
  3201 | D        | Killed Rupert
  3201 | D        | Reached skill level 10 in Fighting
  3201 | D        | Reached skill level 2 in Throwing
  3201 | D        | Reached skill level 7 in Summonings
  3226 | D        | Noticed an azure jelly
  3226 | D        | Noticed an azure jelly
  3226 | D        | Noticed an azure jelly
  3226 | D        | Noticed an azure jelly
  3230 | D        | Killed an azure jelly
  3230 | D        | Reached skill level 3 in Throwing
  3230 | D        | Reached skill level 16 in Dodging
  3230 | D        | Reached XP level 13. HP: 72/72 MP: 27/32
  3231 | D        | Killed an azure jelly
  3233 | D        | Killed an azure jelly
  3233 | D        | Reached skill level 4 in Throwing
  3233 | D        | Reached skill level 15 in Hexes
  3234 | D        | Killed an azure jelly
  3234 | D        | Reached skill level 5 in Throwing
  3234 | D        | Reached skill level 15 in Spellcasting
  3234 | D        | Reached skill level 8 in Summonings
  3239 | D        | Reached skill level 17 in Dodging
  3362 | D        | Reached skill level 6 in Throwing
  3419 | D        | Noticed a kraken
  3419 | D        | Found Duemnuka's Distillery.
  3419 | D        | Found Qonli's Antique Weapon Boutique.
  3419 | D        | Found Exkawk's Book Shop.
  3668 | D        | Noticed a dire elephant
  3668 | D        | Noticed a dire elephant
  3668 | D        | Noticed Gastronok
  3670 | D        | Killed Gastronok
  3670 | D        | Reached skill level 11 in Fighting
  3671 | D        | Killed a dire elephant
  3673 | D        | Killed a dire elephant
  3673 | D        | Reached skill level 7 in Throwing
  3673 | D        | Reached skill level 16 in Hexes
  3707 | D        | Reached skill level 18 in Dodging
  3707 | D        | Reached skill level 16 in Spellcasting
  4100 | D        | Killed a kraken
  4100 | D        | Reached skill level 8 in Throwing
  4171 | D        | Got a barnacled rune of Zot
  4209 | D        | Noticed an azure jelly
  4426 | D        | Noticed an azure jelly
  4427 | D        | Found a viscous altar of Jiyva.
  4427 | D        | Noticed the Royal Jelly
  4429 | D        | Noticed an acid blob
  4429 | D        | Noticed an acid blob
  4429 | D        | Noticed an acid blob
  4429 | D        | Noticed a death ooze
  4429 | D        | Noticed a death ooze
  4429 | D        | Noticed an acid blob
  4429 | D        | Noticed a death ooze
  4429 | D        | Noticed an azure jelly
  4429 | D        | Noticed a death ooze
  4429 | D        | Noticed an acid blob
  4429 | D        | Noticed an acid blob
  4429 | D        | Noticed an acid blob
  4429 | D        | Noticed an acid blob
  4429 | D        | Noticed an azure jelly
  4429 | D        | Noticed a death ooze
  4429 | D        | Noticed an acid blob
  4429 | D        | Noticed a death ooze
  4432 | D        | HP: 15/74 [acid (5)]
  4434 | D        | Paralysed by a floating eye for 3 turns
  4769 | D        | Killed an acid blob
  4777 | D        | Paralysed by a floating eye for 2 turns
  5011 | D        | Killed a death ooze
  5143 | D        | Killed an acid blob
  5160 | D        | Killed a death ooze
  5183 | D        | HP: 14/74 [acid[the Royal Jelly] (14)]
  5187 | D        | HP: 2/74 [acid[the Royal Jelly] (11)]
  5188 | D        | Splashed by an acid blob's acid

Vault maps used:
D:        dungeon_sprint_mu

Skill      XL: |  1  2  3  4  5  6  7  8  9 10 11 12 13 |
---------------+----------------------------------------+-----
Stealth        | 7 8 11 12 13 15 22 27 | 27.0
Spellcasting   | 5 8 9 10 12 14 16 | 16.4
Hexes          | 5 6 8 9 10 11 12 14 16 | 16.6
Fighting       | 1 4 5 6 7 10 11 | 11.7
Short Blades   | 2 6 7 8 9 |  9.0
Dodging        | 4 8 9 10 11 13 16 18 | 18.5
Translocations | 1 3 |  3.0
Conjurations   | 7 |  7.6
Summonings     | 3 7 8 |  8.6
Throwing       | 3 8 |  8.2

Action                   |  1- 3 |  4- 6 |  7- 9 | 10-12 | 13-15 || total
-------------------------+-------+-------+-------+-------+-------++-------
Melee: Dagger            |    12 |     2 |    69 |    94 |    40 ||   217
 Cast: Ensorcelled Hiber |     6 |     2 |    42 |    53 |    15 ||   118
       Confuse           |     1 |       |    11 |    12 |     7 ||    31
       Dazzling Spray    |       |       |    11 |     1 |    31 ||    43
       Blink             |       |       |       |     1 |     2 ||     3
       Summon Mana Viper |       |       |       |       |     6 ||     6
Invok: Shadow Step       |       |       |       |    10 |     7 ||    17
  Use: Potion            |       |       |       |       |     2 ||     2
       Scroll            |       |       |       |       |     1 ||     1
 Stab: Sleeping          |     4 |     2 |    23 |    81 |    22 ||   132
       Confused          |     1 |       |     7 |     2 |     3 ||    13
  Eat: Fruit             |       |       |       |     4 |       ||     4
Armor: Robe              |     1 |       |     2 |       |       ||     3
Dodge: Dodged            |     5 |       |    31 |    42 |    33 ||   111

Vault maps used:
D:        dungeon_sprint_mu

Table legend:
 A = Turns spent in this place as a percentage of turns spent in the entire game.
 B = Non-inter-level travel turns spent in this place as a percentage of non-inter-level travel turns spent in the entire game.
 C = Inter-level travel turns spent in this place as a percentage of turns spent in this place.
 D = Turns resting spent in this place as a percentage of non-inter-level travel turns spent in this place.
 E = Turns spent auto-exploring this place as a percentage of non-inter-level travel turns spent in this place.
 F = Non-inter-level travel turns spent in this place divided by the number of levels of this place that you've seen.
                   A       B       C       D       E      F
               +-------+-------+-------+-------+-------+----------------------
         Total | 100.0 | 100.0 |   0.0 |   4.8 |   0.0 | 2395.0
       Dungeon | 100.0 | 100.0 |   0.0 |   4.8 |   0.0 | 2395.0
               +-------+-------+-------+-------+-------+----------------------

Table legend:
 A = Kills in this place as a percentage of kills in entire the game.
 B = Kills by you in this place as a percentage of kills by you in the entire game.
 C = Kills by friends in this place as a percentage of kills by friends in the entire game.
 D = Other kills in this place as a percentage of other kills in the entire game.
 E = Experience gained in this place as a percentage of experience gained in the entire game.
 F = Experience gained in this place divided by the number of levels of this place that you have seen.
                   A       B       C       D       E      F
               +-------+-------+-------+-------+-------+----------------------
         Total | 100.0 | 100.0 | 100.0 | 100.0 | 100.0 | 60215.0
       Dungeon | 100.0 | 100.0 | 100.0 | 100.0 | 100.0 | 60215.0
               +-------+-------+-------+-------+-------+----------------------
